 Dungeon Crawl Stone Soup version 0.30-a0-341-g682706514a (webtiles) character file.

Game seed: 7041151100402759788

389 Ijustatesigmund the Firebug (level 6, 0/41 HPs)
             Began as a Demonspawn Fire Elementalist on Nov 5, 2022.
             Slain by an ogre
             ... wielding a +0 giant club
              (12 damage)
             ... on level 4 of the Dungeon.
             The game lasted 00:07:21 (5135 turns).

Ijustatesigmund the Firebug (DsFE)                  Turns: 5135, Time: 00:07:21

Health: 0/41       AC:  5    Str:  8    XL:     6   Next: 50%
Magic:  12/19      EV: 12    Int: 19    God:
Gold:   253        SH:  0    Dex: 13    Spells: 8/11 levels left

rFire   + . .      SeeInvis .    c - +0 trident (freeze)
rCold   x . .      Faith    .    (no shield)
rNeg    . . .      Spirit   .    a - +0 robe
rPois   .          Reflect  .    (helmet restricted)
rElec   .          Harm     .    (no cloak)
rCorr   .          Rampage  .    d - +2 pair of gloves
Will    .....                    (no boots)
Stlth   ++........               (no amulet)
HPRegen 0.26/turn                s - ring of fire
MPRegen 0.16/turn                h - ring of magical power

@: no status effects
A: antennae 2, powered by death 1
a: no special abilities


You were on level 4 of the Dungeon.
You visited 1 branch of the dungeon, and saw 4 of its levels.

You collected 253 gold pieces.

Inventory:

Hand Weapons
 c - a +0 trident of freezing (weapon)
Armour
 a - a +0 robe (worn)
 d - a +2 pair of gloves (worn)
Jewellery
 h - a ring of magical power (right hand)
 s - a ring of fire (left hand)
Wands
 j - a wand of quicksilver (5)
 p - a wand of mindburst (21)
Scrolls
 e - a scroll of noise
 g - 4 scrolls of identify
 i - a scroll of enchant weapon {unknown}
 o - a scroll of blinking {unknown}
 q - 2 scrolls of teleportation {unknown}
 r - a scroll of brand weapon {unknown}
 t - a scroll of vulnerability {unknown}
 u - a scroll of fear {unknown}
Potions
 b - a potion of might
 f - a potion of curing
 k - a potion of mutation {unknown}
 l - a potion of lignification {unknown}
 m - a potion of flight {unknown}
 n - a potion of haste


   Skills:
 - Level 1.7 Dodging
 - Level 1.7 Stealth
 + Level 3.3 Spellcasting
 * Level 4.2 Conjurations
 * Level 4.7 Fire Magic


You had 8 spell levels left.
You knew the following spells:

 Your Spells              Type           Power      Damage    Failure   Level
a - Foxfire               Conj/Fire      100%       2x1d9     2%          1
b - Scorch                Fire           62%        2d8       3%          2

Your spell library contained the following spells:

 Spells                   Type           Power      Damage    Failure   Level
 Inner Flame              Hex/Fire       18%        N/A       17%         3
 Kindle Blastsparks       Fire/Tloc/Air  26%        2d12      22%         3
 Flame Wave               Conj/Fire      30%        2d9       24%         4


Dungeon Overview and Level Annotations

Branches:
Dungeon (4/15)
 Temple: D:4-7

Altars:
Cheibriados
Fedhas
Gozag
Okawaru
Sif Muna


Innate Abilities, Weirdness & Mutations

You have a pair of antennae on your head.
You regenerate a little health from kills.


Message History

The foxfire hits the orc!
You kill the orc!
Casting: Foxfire (safe; 2% risk of failure)
Confirm with . or Enter, or press ? or * to list all spells.
You feel a surge of power!
You conjure some foxfire!
Your foxfire dissipates!
Your foxfire dissipates!
Things that are here:
a +0 flail; 3 boomerangs
Found a stone staircase leading up.
An ogre comes into view. It is wielding a +0 giant club.
The ogre shouts!
Casting: Foxfire (safe; 2% risk of failure)
Confirm with . or Enter, or press ? or * to list all spells.
You feel a surge of power!
You conjure some foxfire!
The ogre closely misses you.
Casting: Foxfire (safe; 2% risk of failure)
Confirm with . or Enter, or press ? or * to list all spells.
You feel a surge of power!
You conjure some foxfire!
The foxfire hits the ogre but does no damage.
The ogre hits you with a +0 giant club!
Casting: Foxfire (safe; 2% risk of failure)
Confirm with . or Enter, or press ? or * to list all spells.
You feel a surge of power!
Flames lash the ogre.
The ogre is lightly wounded.
The ogre's fire resistance burns away.
The ogre closely misses you.
Casting: Scorch (safe; 3% risk of failure)
Confirm with . or Enter, or press ? or * to list all spells.
You feel a surge of power!
Flames lash the ogre.
The ogre is burned terribly!
The ogre is heavily wounded.
Your foxfire dissipates!
The ogre hits you with a +0 giant club!
* * * LOW HITPOINT WARNING * * *
The ogre barely misses you.
Casting: Scorch (safe; 3% risk of failure)
Confirm with . or Enter, or press ? or * to list all spells.
You feel a surge of power!
Flames lash the ogre.
The ogre is burned terribly!
The ogre is heavily wounded.
The ogre hits you with a +0 giant club!
You die...

#.... #.#.###
#..<#.. #...#.# {
#...#.# #.##...#.#
#......#O#
##############..@.#
................###
#..##############
#.## #)# #.# #.#
..# ###


You could see an ogre (combustible).

Vanquished Creatures
  A kobold brigand (D:4)
  2 orc priests (D:3)
  An iguana (D:3)
  Crazy Yiuf (D:3)
  Jessica (D:3)
  Natasha (thrice) (D:3)
  3 adders (D:2)
  A dart slug (D:1)
  6 orcs
  9 ball pythons
  7 endoplasms
  5 giant cockroaches
  4 goblins
  8 hobgoblins
  6 jackals
  3 kobolds
  2 quokkas
  5 bats
  2 frilled lizards
  4 rats (D:2)
74 creatures vanquished.

Vanquished Creatures (collateral kills)
  A foxfire (D:1)
1 creature vanquished.

Vanquished Creatures (others)
  227 foxfires
  16 plants (D:1)
243 creatures vanquished.

Grand Total: 318 creatures vanquished

Notes
Turn   | Place    | Note
-------+----------+-------------------------------------------
     0 | D:1      | Ijustatesigmund the Demonspawn Fire Elementalist began the
                  | quest for the Orb.
     0 | D:1      | Reached XP level 1. HP: 13/13 MP: 3/3
   324 | D:1      | Gained mutation: You have a pair of small antennae on your
                  | head. [demonic ancestry]
   324 | D:1      | Reached XP level 2. HP: 19/19 MP: 0/5
  1184 | D:1      | Reached XP level 3. HP: 24/24 MP: 2/6
  1324 | D:1      | Learned a level 2 spell: Scorch
  2338 | D:2      | Reached XP level 4. HP: 30/30 MP: 2/7
  3297 | D:3      | Gained mutation: You regenerate a little health from kills.
                  | [demonic ancestry]
  3297 | D:3      | Reached XP level 5. HP: 6/35 MP: 1/9
  3538 | D:3      | Noticed Natasha
  3540 | D:3      | Killed Natasha
  3613 | D:3      | Found an iron altar of Okawaru.
  3808 | D:3      | Noticed Natasha
  3814 | D:3      | Killed Natasha
  3849 | D:3      | Identified a scroll of acquirement
  3849 | D:3      | Acquired a ring of magical power
  3948 | D:3      | Noticed Natasha
  3963 | D:3      | Killed Natasha
  4249 | D:3      | Noticed Jessica
  4252 | D:3      | Killed Jessica
  4253 | D:3      | Gained mutation: You have a pair of antennae on your head.
                  | [demonic ancestry]
  4253 | D:3      | Reached XP level 6. HP: 41/41 MP: 10/10
  4288 | D:3      | Found a shimmering blue altar of Sif Muna.
  4479 | D:3      | Found a runed translucent door.
  4480 | D:3      | Noticed Crazy Yiuf
  4486 | D:3      | Killed Crazy Yiuf
  4698 | D:4      | Found a blossoming altar of Fedhas.
  4814 | D:4      | Found a faded altar of an unknown god.
  4814 | D:4      | Found a snail-covered altar of Cheibriados.
  4824 | D:4      | Found a faded altar of an unknown god.
  4839 | D:4      | Found an opulent altar of Gozag.
  5135 | D:4      | Slain by an ogre

Illustrated notes

Levels and vault maps discovered:
D:1:      onia_arrival_mini_spirals, layout_loops_ring, serial_bayou_pond_c,
          chequers_serial_rivers_large_a
D:2:      layout_basic, chequers_serial_rivers_small_a
D:3:      layout_basic, tgw_sif, lemuel_crystal_altar, uniq_crazy_yiuf_cottage,
          uniq_natasha
D:4:      layout_basic, chequers_temple_overflow_minitemple,
          amcnicky_altar_gilded, kennysheep_windowed_goal

Skill      XL: |  1  2  3  4  5  6 |
---------------+-------------------+-----
Fire Magic     | 3 4 |  4.7
Conjurations   | 2 3 4 |  4.2
Spellcasting   | 3 |  3.3
Dodging        | |  1.7
Stealth        | |  1.7

Action                   |  1- 3 |  4- 6 || total
-------------------------+-------+-------++-------
Melee: Short sword       |     9 |       ||     9
       Trident           |       |     1 ||     1
 Cast: Foxfire           |    80 |    62 ||   142
       Scorch            |     1 |    21 ||    22
Evoke: Wand              |       |     1 ||     1
  Use: Scroll            |     3 |     8 ||    11
       Potion            |       |     3 ||     3
Armor: Robe              |     3 |    10 ||    13
Dodge: Dodged            |    18 |    18 ||    36

Table legend: (Time is in decaauts)
 A = Elapsed time spent in this place.
 B = Non-inter-level travel time spent in this place.
 C = Inter-level travel time spent in this place.
 D = Time resting spent in this place.
 E = Time spent auto-exploring this place.
 F = Levels seen in this place.
 G = Mean time per level.
                   A        B        C        D        E       F      G
               +--------+--------+--------+--------+--------+-----+--------+
         Total |   5150 |   4975 |    175 |   1051 |   3279 |   4 | 1287.5 |
       Dungeon |   5150 |   4975 |    175 |   1051 |   3279 |   4 | 1287.5 |
               +--------+--------+--------+--------+--------+-----+--------+

Top non-repeatable levels by time:
     D:3: 1628 daAuts
     D:2: 1535 daAuts
     D:1: 1501 daAuts
     D:4: 484 daAuts
